Map: Korhal Carnage Knockout LE

Players

Miszu

  • Race: Terran Terran
  • League: Master

Railgan - Winner!

  • Race: Zerg Zerg
  • League: Grandmaster

VOD

Have the link to the VOD?

Description

Time

  • Played on: April 18, 2016, 9:09 a.m.
  • Length: 16:58
Show
View Real Time Build Order
Export as new Build Order

Miszu Terran 

Build Orders: Liberator Opening, Reaper Expand, MMM Bio 

Get SALT Encoding   

  12  0:00  SCV  
  13  0:12  SCV  
  14  0:17  Supply Depot  
  14  0:24  SCV  
  15  0:39  SCV  
  15  0:41  Barracks  
  16  0:46  Refinery  
  16  0:51  SCV  
  17  1:03  SCV  
  18  1:16  SCV  
  19  1:28  Orbital Command  
  19  1:29  Reaper  
  20  1:42  Command Center  
  20  1:53  SCV  
  21  2:00  Supply Depot  
  21  2:02  Marine  
  21  2:05  SCV  
  23  2:11  Factory  
  23  2:15  Refinery  
  23  2:21  SCV  
  24  2:26  Barracks Reactor  
  24  2:33  SCV  
  25  2:46  SCV  
  26  2:57  Starport  
  26  2:58  SCV  
  27  3:00  Factory Tech Lab  
  27  3:03  Marine x2  
  29  3:08  Orbital Command  
  29  3:10  SCV  
  30  3:17  Bunker  
  30  3:20  Marine  
  30  3:21  Siege Tank  
  30  3:22  SCV  
  34  3:31  Liberator  
  34  3:34  SCV  
  32  3:44  SCV  
  32  3:46  SCV  
  35  3:56  SCV  
  35  3:58  SCV  
  37  4:08  SCV  
  38  4:10  SCV  
  39  4:21  SCV  
  39  4:22  Command Center, SCV  
  39  4:23  Marine x2  
  43  4:25  Siege Tank, Liberator  
  46  4:41  Supply Depot  
  46  4:42  SCV x2  
  51  4:46  Barracks x2  
  51  4:54  Supply Depot, SCV x2  
  53  5:06  SCV x2  
  55  5:10  Marine x2  
  57  5:15  Engineering Bay  
  57  5:16  Engineering Bay  
  57  5:17  Refinery  
  57  5:18  SCV x2  
  57  5:19  Refinery  
  59  5:25  Starport Reactor  
  59  5:30  SCV x2  
  59  5:33  Supply Depot  
  62  5:42  SCV x2, Orbital Command  
  63  5:45  Marine  
  63  5:46  Barracks Tech Lab  
  63  5:47  Barracks Tech Lab  
  64  5:54  SCV x2  
  64  5:55  Marine  
  64  5:57  Missile Turret  
  64  6:01  Missile Turret  
  64  6:06  Marine x2, Missile Turret  
  64  6:07  Marine, SCV x2  
  64  6:10  SCV  
  70  6:13  Stimpack  
  70  6:23  Terran Infantry Weapons Level 1, Terran Infantry Armor Level 1  
  70  6:24  Combat Shields  
  70  6:27  SCV x3  
  73  6:39  SCV x3  
  74  6:42  Marine x3, Missile Turret  
  74  6:43  Marine  
  78  6:51  SCV x3  
  80  7:00  Marine x4  
  84  7:03  SCV x2  
  84  7:07  SCV  
  87  7:10  Armory  
  87  7:12  Supply Depot  
  87  7:13  Supply Depot  
  87  7:15  SCV  
  88  7:17  Marine, Missile Turret  
  88  7:18  Marine x3, Barracks  
  88  7:21  Barracks  
  92  7:28  Factory Reactor  
  92  7:29  SCV x2  
  93  7:32  Barracks  
  93  7:33  SCV  
  93  7:35  Marine x2  
  93  7:36  Marine  
  99  7:37  Medivac x2, Marauder  
  99  7:41  SCV  
  103  7:45  Supply Depot  
  103  7:46  Supply Depot  
  103  7:53  Marine x2  
  103  7:54  Marauder  
  103  7:57  Marine  
  103  7:58  Barracks  
  108  7:59  Barracks  
  108  8:02  Barracks  
  108  8:07  Medivac  
  108  8:11  Marine, Medivac  
  118  8:16  Barracks Reactor  
  118  8:17  Supply Depot  
  121  8:21  Supply Depot  
  121  8:22  Barracks Reactor  
  121  8:24  Terran Infantry Armor Level 2, Terran Infantry Weapons Level 2  
  117  8:32  Marine x2  
  117  8:33  Marauder x2  
  123  8:36  Terran Vehicle Weapons Level 1  
  119  8:41  Supply Depot  
  119  8:42  Supply Depot  
  119  8:50  Marine  
  120  9:02  Marauder  
  114  9:06  Marauder  
  114  9:08  Marine  
  114  9:09  Marine x3  
  117  9:11  Siege Tank  
  117  9:15  Barracks Tech Lab  
  117  9:16  Barracks Reactor  
  117  9:18  Barracks Tech Lab  
  117  9:24  Marauder  
  118  9:26  Marine  
  118  9:27  Marine x4  
  115  9:38  Marauder  
  115  9:42  Medivac x2  
  115  9:43  Siege Tank  
  115  9:44  Marine x5, Marauder  
  131  9:45  Marauder  
  131  9:49  Refinery  
  131  9:50  Refinery  
  131  9:51  Factory  
  131  9:52  Supply Depot  
  131  9:59  Marine  
  132  10:00  Marine x2  
  132  10:02  Marine x3  
  132  10:03  Marauder  
  132  10:04  Supply Depot x2  
  132  10:05  Concussive Shells  
  139  10:10  Supply Depot  
  139  10:15  Siege Tank  
  139  10:16  Supply Depot  
  132  10:27  Marine, Marauder  
  132  10:28  Marine x8  
  143  10:33  Supply Depot  
  139  10:45  Marine x5  
  139  10:46  Marine  
  139  10:47  Siege Tank  
  139  10:52  Marine  
  141  11:00  Medivac  
  141  11:03  Marine x4  
  148  11:05  Terran Infantry Weapons Level 3  
  148  11:07  Terran Infantry Armor Level 3  
  148  11:08  Marine x2  
  148  11:09  Marine  
  148  11:11  Marine  
  141  11:19  Siege Tank  
  144  11:32  Marine x9, Marauder  
  148  11:45  SCV  
  149  11:48  Medivac  
  149  11:49  Marine  
  149  11:50  Marine x6  
  149  11:51  Marauder  
  160  12:00  Marauder  
  160  12:01  Marauder  
  161  12:07  Marine  
  161  12:08  Marine x4  
  162  12:09  Marauder  
  162  12:10  Marine  
  162  12:12  Marauder  
  129  12:33  Marine x6, Marauder x2  
  129  12:34  Marine  
  126  12:38  Marauder  
  108  12:51  Marine x3  
  97  12:52  Marauder  
  97  12:53  Marine  
  97  12:54  Marine, Marauder  
  97  12:55  Marine, Marauder  
  100  12:59  Marauder  
  100  13:04  Medivac  
  100  13:08  Marine, Medivac  
  103  13:13  Marauder  
  103  13:14  Siege Tank  
  108  13:25  Marauder  
  108  13:26  Marine  
  113  13:27  Command Center, Marauder  
  113  13:33  Factory Tech Lab  
  111  13:34  Medivac  
  111  13:38  Medivac  
  100  13:46  Siege Tank  
  90  13:54  Marauder  
  90  13:55  Marauder  
  87  13:57  Marine  
  87  13:58  Marauder  
  87  14:00  Marine x5, Marauder  
  87  14:01  Siege Tank  
  100  14:04  Medivac  
  102  14:15  Marine x2  
  102  14:16  Marine  
  105  14:17  Marine  
  105  14:18  Marine x4  
  105  14:19  Marauder, Orbital Command  
  105  14:22  Marauder  
  114  14:33  Marine, Marauder  
  114  14:34  Marauder  
  114  14:35  Marine  
  114  14:36  Marine x2  
  114  14:38  Marine  
  122  14:41  Marauder  
  122  14:43  Marauder  
  127  14:47  Marine  
  125  14:55  Marauder  
  122  15:03  Marauder  
  122  15:04  Marauder  
  112  15:10  Marine, Marauder  
  112  15:11  Marine x5  
  110  15:16  Marine  
  110  15:18  Medivac  
  112  15:23  Medivac  
  112  15:24  Marauder  
  112  15:25  Marine  
  112  15:28  Marine x2  
  118  15:32  Marauder  
  118  15:34  SCV  
  122  15:41  Marine  
  122  15:42  Marine, Marauder  
  126  15:48  Medivac  
  128  15:52  Marine, Marauder  
  112  16:39  SCV  
Show
View Real Time Build Order
Export as new Build Order

Railgan Zerg - Winner!

Build Orders: Pool First 

Get SALT Encoding   

  12  0:01  Drone  
  13  0:08  Drone  
  14  0:15  Extractor  
  14  0:16  Drone  
  15  0:22  Overlord  
  15  0:40  Drone x2  
  17  0:44  Drone  
  17  0:49  Spawning Pool  
  17  0:56  Drone  
  18  1:11  Hatchery  
  18  1:14  Drone  
  18  1:17  Extractor  
  17  1:20  Drone  
  18  1:28  Drone  
  19  1:38  Zergling x2  
  20  1:40  Roach Warren  
  20  1:43  Queen  
  21  1:48  Drone  
  22  1:59  Overlord  
  22  2:19  Queen  
  24  2:24  Roach x3  
  24  2:27  Queen  
  32  2:37  Drone x2  
  32  2:44  Drone  
  35  2:50  Overlord  
  34  2:53  Drone  
  34  2:54  Drone  
  36  3:01  Lair  
  36  3:10  Drone x3  
  39  3:17  Overlord  
  39  3:24  Drone x3  
  42  3:29  Drone x2  
  42  3:32  Extractor x2  
  42  3:45  Drone x6  
  46  3:54  Overlord  
  44  3:56  Drone  
  44  4:00  Drone  
  44  4:02  Extractor, Drone x2  
  47  4:07  Spire  
  47  4:09  Drone  
  47  4:11  Drone x2  
  47  4:16  Drone x2  
  47  4:17  Drone  
  52  4:28  Drone x2  
  54  4:36  Hatchery  
  53  4:38  Overlord  
  53  4:47  Overlord  
  53  4:51  Drone  
  54  4:53  Spore Crawler  
  54  4:55  Spore Crawler  
  54  4:58  Drone  
  54  4:59  Queen x2  
  57  5:10  Overlord  
  57  5:18  Overlord  
  57  5:19  Mutalisk  
  57  5:20  Mutalisk x3  
  65  5:24  Mutalisk  
  67  5:29  Mutalisk x2  
  67  5:31  Mutalisk  
  73  5:41  Overseer  
  73  5:45  Drone  
  73  5:46  Glial Reconstitution  
  73  5:47  Evolution Chamber  
  73  5:49  Drone x2, Evolution Chamber  
  72  5:50  Drone  
  72  5:56  Drone  
  73  5:58  Queen  
  73  5:59  Drone x2  
  77  6:08  Drone x5  
  82  6:13  Zerg Ground Armor Level 1  
  82  6:15  Drone  
  83  6:19  Drone  
  83  6:20  Zerg Missile Weapons Level 1  
  83  6:22  Drone x2  
  86  6:38  Overlord  
  86  6:39  Drone x5  
  89  6:41  Extractor  
  89  6:43  Extractor  
  89  6:44  Roach  
  89  6:45  Overlord x2  
  89  6:47  Overlord  
  89  6:50  Overlord  
  89  6:51  Overlord  
  89  6:55  Drone  
  89  6:57  Drone  
  89  6:58  Roach  
  89  7:01  Roach  
  95  7:02  Roach  
  97  7:09  Drone  
  97  7:13  Drone x4  
  97  7:14  Roach  
  104  7:21  Roach  
  104  7:22  Roach x4  
  114  7:23  Roach x2  
  114  7:24  Roach  
  114  7:28  Roach  
  122  7:32  Roach  
  124  7:39  Overlord, Roach x2  
  128  7:48  Roach x5  
  138  7:52  Overlord x3  
  138  8:00  Overlord  
  138  8:09  Hatchery  
  138  8:10  Roach x3  
  138  8:11  Roach x5  
  151  8:15  Ravager x9  
  151  8:16  Ravager x4  
  151  8:17  Overlord  
  151  8:18  Roach  
  166  8:20  Roach  
  166  8:22  Roach  
  166  8:24  Roach  
  172  8:27  Roach x2  
  172  8:29  Roach  
  172  8:31  Overlord  
  178  8:35  Roach  
  178  8:36  Roach x2  
  178  8:37  Roach  
  184  8:55  Roach x5  
  194  9:00  Hatchery  
  181  9:03  Roach x2  
  163  9:10  Roach  
  163  9:11  Roach x5  
  163  9:13  Roach  
  163  9:16  Zerg Ground Armor Level 2  
  177  9:19  Overlord  
  177  9:21  Zerg Missile Weapons Level 2  
  177  9:27  Roach x3  
  167  9:35  Roach  
  167  9:36  Roach x3  
  145  9:40  Roach  
  145  9:41  Roach  
  145  9:45  Drone x4  
  153  9:51  Roach x4  
  161  9:57  Ravager x5  
  161  9:58  Roach  
  170  10:00  Roach  
  170  10:04  Roach  
  170  10:05  Roach x2  
  176  10:07  Roach  
  176  10:09  Roach  
  176  10:10  Roach x2  
  176  10:22  Roach x3  
  176  10:28  Roach x8  
  194  10:35  Roach x2  
  194  10:36  Roach x3  
  176  10:51  Roach x11  
  194  11:02  Extractor x2  
  192  11:07  Ravager  
  192  11:08  Ravager x2  
  192  11:09  Overlord  
  195  11:25  Roach x4  
  193  11:37  Corruptor  
  193  11:38  Corruptor x3  
  189  11:41  Roach  
  189  11:44  Drone  
  189  11:45  Drone x2  
  192  11:57  Roach  
  192  11:58  Roach x9  
  173  12:22  Roach  
  173  12:23  Roach  
  173  12:24  Roach x5  
  173  12:25  Roach x8  
  181  12:34  Roach x2  
  151  12:44  Roach x5  
  151  12:48  Roach x3  
  155  12:53  Roach x2  
  155  12:56  Roach  
  159  13:03  Roach x4  
  167  13:13  Ravager x8  
  167  13:14  Ravager x3  
  167  13:15  Drone x3  
  181  13:22  Roach x4  
  191  13:27  Roach x3  
  191  13:29  Zerg Melee Weapons Level 1  
  180  13:42  Roach  
  180  13:43  Roach x2  
  180  13:47  Roach  
  175  13:52  Roach x5  
  175  13:53  Roach x2  
  170  13:59  Corruptor x2  
  170  14:02  Drone  
  171  14:03  Roach  
  173  14:11  Extractor  
  173  14:13  Extractor, Roach x6  
  173  14:16  Corruptor x2  
  173  14:17  Corruptor  
  189  14:26  Spore Crawler  
  189  14:28  Roach x6  
  200  14:49  Spore Crawler  
  157  15:08  Roach x8  
  157  15:09  Roach  
  157  15:12  Roach  
  157  15:13  Roach x5  
  165  15:20  Roach x4  
  173  15:24  Roach  
  175  15:30  Roach  
  175  15:33  Roach  
  175  15:34  Ravager  
  175  15:35  Ravager x9  
  189  15:38  Roach x2  
  189  15:39  Roach  
  195  15:44  Roach x2  
  199  15:51  Hatchery  
  194  15:57  Roach  
  194  15:58  Roach x2  
  196  16:07  Roach x2  
  190  16:29  Roach x6  
  164  16:51  Hatchery  
Tags
 
Add a new tag
Caveats
  • Supply blocks, unpowered buildings, or Contaminate may cause inaccurate times.
  • Supply counts are checked every 10 seconds.